 Dungeon Crawl Stone Soup version 0.17.1-3-g152610e (webtiles) character file.

3136 manyhoops the Carver (level 9, -8/72 HPs)
             Began as a Demonspawn Gladiator on Apr 25, 2016.
             Was an Initiate of Okawaru.
             Killed by divine providence
             ... invoked by an orc priest
              (13 damage)
             ... on level 7 of the Dungeon.
             The game lasted 00:15:28 (7626 turns).

manyhoops the Carver (Demonspawn Gladiator)         Turns: 7626, Time: 00:15:29

Health: -8/72      AC: 15    Str: 18    XL:     9   Next: 61%
Magic:  9/9        EV: 11    Int: 11    God:    Okawaru [......]
Gold:   96         SH:  4    Dex: 13    Spells: 0 memorised, 8 levels left

rFire  + . .     SeeInvis +     t - +1 great sword
rCold  + . .     Clarity  .     C - +2 scale mail {rC+}
rNeg   . . .     SustAt   .     (shield currently unavailable)
rPois  .         Gourm    .     (helmet restricted)
rElec  .         Spirit   .     (no cloak)
rCorr  .         Warding  .     (no gloves)
rMut   .         Stasis   .     p - +0 pair of boots
MR     .....                    (no amulet)
Stlth  ..........               n - ring of protection from fire
                                w - ring of see invisible

@: very slightly contaminated, not resistant to hostile enchantments, extremely
unstealthy
A: horns 1, large bone plates 3, powered by death 1
a: Renounce Religion


You were on level 7 of the Dungeon.
You worshipped Okawaru.
Okawaru was noncommittal.
You were not hungry.

You visited 2 branches of the dungeon, and saw 9 of its levels.
You also visited: Ossuary.

You collected 348 gold pieces.
You spent 252 gold pieces at shops.

Inventory:

Hand Weapons
 a - a +0 long sword
 t - a +1 great sword (weapon)
Missiles
 d - 3 throwing nets (quivered)
Armour
 p - a +0 pair of boots (worn)
 C - a +2 scale mail of cold resistance (worn)
 F - the +1 ring mail of Anning {+Fly}
   (You bought it in a shop on level 5 of the Dungeon)

   It lets you fly.
 J - a +0 ring mail
Jewellery
 n - a ring of protection from fire (right hand)
 w - a ring of see invisible (left hand)
Wands
 u - a wand of draining (4)
 H - a wand of disintegration (12)
Scrolls
 f - a scroll of blinking
 i - 2 scrolls of fog
 j - a scroll of immolation
 m - 2 scrolls of noise
 o - a scroll of fear
 r - 2 scrolls of random uselessness
 v - 2 scrolls of amnesia
 y - a scroll of magic mapping
 A - a scroll of silence {unknown}
 E - a scroll of enchant weapon
Potions
 b - 3 potions of brilliance
 c - 3 potions of curing
 g - a potion of mutation {unknown}
 h - a potion of cancellation {unknown}
 k - 3 potions of magic
 q - a potion of haste
 s - 2 potions of agility
 x - 2 potions of heal wounds
 B - a potion of flight {unknown}
Books
 l - a book of Air

   Spells                             Type                      Level
   a - Shock                          Conjuration/Air              1
   b - Swiftness                      Charms/Air                   2
   c - Repel Missiles                 Charms/Air                   2
   d - Static Discharge               Conjuration/Air              3
   e - Lightning Bolt                 Conjuration/Air              5
 D - a book of Changes

   Spells                             Type                      Level
   a - Beastly Appendage              Transmutation                1
   b - Sticks to Snakes               Transmutation                2
   c - Spider Form                    Transmutation/Poison         3
   d - Ice Form                       Ice/Transmutation            4
   e - Blade Hands                    Transmutation                5
Comestibles
 e - 5 bread rations
 z - a slice of pizza


   Skills:
 + Level 7.6 Fighting
 + Level 8.4 Long Blades
 - Level 1.7 Throwing
 + Level 6.7 Armour
 - Level 2.6 Dodging


You had 8 spell levels left.
You didn't know any spells.

Dungeon Overview and Level Annotations

Branches:
Dungeon (8/15)             Temple (1/1) D:6
   Lair: D:8-11

Altars:
Ashenzari
Cheibriados
Dithmenos
Elyvilon
Fedhas
Gozag
Kikubaaqudgha
Makhleb
Nemelex Xobeh
Okawaru
Qazlal
Sif Muna
Trog
Vehumet
Xom
Yredelemnul
Zin
The Shining One

Shops:
D:5 [

Annotations:
D:4 Alarkh's ghost, amateur DrTm


Innate Abilities, Weirdness & Mutations

You have a pair of small horns on your head.
You are completely covered in large bone plates (AC +4, SH +4).
You regenerate a little health from kills.


Message History

You headbutt the warg, but do no damage.
The warg is lightly wounded.
The warg bites you!
* * * LOW HITPOINT WARNING * * *
The orc priest hits you but does no damage.
The warg barely misses you.
You are too injured to fight recklessly!
You are too injured to fight recklessly!
You are too injured to fight recklessly!
The orc priest calls down the wrath of Beogh upon you.
Something smites you!
* * * LOW HITPOINT WARNING * * *
The warg barely misses you.
Blink to where?
Press: ? - help, Dir - move target cursor You are very lightly contaminated with residual magic.
As you read the scroll of blinking, it crumbles to dust.
The orc priest calls down the wrath of Beogh upon you.
Something smites you!
You die...

##...####....##........#.........
.#...#.##....######..(.#.........
.##.##..#....##..##....#.........
..#.#...+..............#.........
..#'#..##..............#.........
###....##....##..##....#.........
#....###'####..##....#.........
##.........#...#######.........
#####..##....#..@##....#.........
....#..##....#....#....#.........
.[..#..########...'....#####.....
....#..#......#...#........#.....
....#..#......#...#..oh.ยง..#.....
....####).....#..##....##..#.....
#.....).).....#..##....##..'.....
#.............#........##..#.....
'.............#........#####.....


You could see a warg and an orc priest.

Vanquished Creatures
  5 yaks (D:7)
  The ghost of manyhoops the Insei, an amateur DsGl of Trog (D:5)
  A water moccasin (D:5)
  The ghost of Charly the Sneak, an amateur VSAs (Ossuary)
  A phantom (D:7)
  A sky beast (D:7)
  2 ogres (D:5)
  A centaur (D:5)
  A giant frog (D:4)
  An elf zombie (Ossuary)
  2 scorpions (D:7)
  4 wights (D:7)
  4 crimson imps
  3 hounds
  A jelly (D:7)
  A centaur zombie (Ossuary)
  2 orc priests
  A human zombie (Ossuary)
  A giant frog zombie (D:7)
  7 orc wizards
  3 iguanas
  A centaur skeleton (D:7)
  5 worker ants
  2 hound zombies (Ossuary)
  3 mummies (Ossuary)
  9 gnolls
  12 adders
  3 shadow imps
  2 oozes
  6 adder zombies (Ossuary)
  An adder skeleton (D:7)
  A worm (D:4)
  7 giant geckos
  19 orcs
  A ball python (D:2)
  8 bats
  4 giant cockroaches
  8 goblins
  7 hobgoblins
  15 jackals
  5 kobolds
  5 quokkas
  A giant gecko zombie (D:5)
  2 giant newts (D:1)
  4 gnoll zombies (Ossuary)
  A goblin zombie (Ossuary)
  5 hobgoblin zombies (Ossuary)
  3 kobold zombies (Ossuary)
  An orc zombie (Ossuary)
  4 quokka zombies (Ossuary)
  6 rats
  4 rat zombies (Ossuary)
199 creatures vanquished.

Vanquished Creatures (others)
  An orc (D:4)
1 creature vanquished.

Grand Total: 200 creatures vanquished

Notes
Turn   | Place    | Note
--------------------------------------------------------------
     0 | D:1      | manyhoops the Demonspawn Gladiator began the quest for the Orb.
     0 | D:1      | Reached XP level 1. HP: 16/16 MP: 1/1
   134 | D:1      | Reached skill level 3 in Long Blades
   167 | D:1      | Gained mutation: You regenerate a little health from kills. [demonic ancestry]
   167 | D:1      | Reached XP level 2. HP: 22/22 MP: 2/2
   588 | D:1      | Gained mutation: You are partially covered in large bone plates (AC +2, SH +2). [demonic ancestry]
   588 | D:1      | Reached XP level 3. HP: 27/27 MP: 3/3
   944 | D:2      | Reached skill level 1 in Armour
  1204 | D:1      | Reached XP level 4. HP: 23/34 MP: 4/4
  1642 | D:3      | Found a blossoming altar of Fedhas.
  2230 | D:3      | Gained mutation: You have a pair of small horns on your head. [demonic ancestry]
  2230 | D:3      | Reached XP level 5. HP: 37/41 MP: 5/5
  2462 | D:3      | Reached skill level 4 in Long Blades
  2961 | D:4      | Noticed Alarkh's ghost (amateur DrTm)
  3170 | D:3      | Gained mutation: You are mostly covered in large bone plates (AC +3, SH +3). [demonic ancestry]
  3170 | D:3      | Reached XP level 6. HP: 45/47 MP: 6/6
  3660 | D:4      | HP: 2/48 [orc wizard/puff of flame (7)]
  4102 | D:4      | Reached XP level 7. HP: 54/54 MP: 7/7
  4133 | D:5      | Entered Level 5 of the Dungeon
  4174 | D:5      | Reached skill level 5 in Long Blades
  4216 | D:5      | Noticed manyhoops's ghost (amateur DsGl)
  4232 | D:5      | Killed manyhoops's ghost
  4273 | D:5      | Reached skill level 5 in Fighting
  4340 | D:5      | Found Soogil's Antique Armour Boutique.
  4369 | D:5      | Found a sand-covered staircase.
  4394 | Ossuary  | Entered an ossuary
  4394 | Ossuary  | Noticed Charly's ghost (amateur VSAs)
  4402 | Ossuary  | Killed Charly's ghost
  4402 | Ossuary  | Reached XP level 8. HP: 11/62 MP: 8/8
  4566 | Ossuary  | Reached skill level 6 in Long Blades
  4632 | Ossuary  | Reached skill level 5 in Armour
  5412 | D:6      | Found a burning altar of Makhleb.
  5670 | D:5      | Bought a garnet-encrusted ring mail for 252 gold pieces
  5680 | D:5      | Identified the +1 ring mail of Anning {+Fly} (You bought it in a shop on level 5 of the Dungeon)
  5734 | D:6      | Reached skill level 7 in Long Blades
  5780 | D:6      | Found a staircase to the Ecumenical Temple.
  5900 | Temple   | Entered the Ecumenical Temple
  6183 | D:7      | Gained mutation: You are completely covered in large bone plates (AC +4, SH +4). [demonic ancestry]
  6183 | D:7      | Reached XP level 9. HP: 43/71 MP: 9/9
  6919 | D:7      | Reached skill level 8 in Long Blades
  6961 | D:7      | Found an opulent altar of Gozag.
  6976 | D:7      | Found a glowing silver altar of Zin.
  6980 | D:7      | Found an iron altar of Okawaru.
  7075 | D:7      | Became a worshipper of Warmaster Okawaru
  7626 | D:7      | Killed from afar by an orc priest

Action                   |  1- 3 |  4- 6 |  7- 9 || total
-------------------------+-------+-------+-------++-------
Melee: Long sword        |   166 |   134 |       ||   300
       Great sword       |       |    86 |   422 ||   508
  Use: Scroll            |       |    12 |    12 ||    24
       Potion            |       |     2 |       ||     2
 Stab: Sleeping          |     2 |       |       ||     2
  Eat: Chunk             |       |     9 |     2 ||    11
       Royal jelly       |       |     1 |     1 ||     2
       Bread ration      |       |       |     2 ||     2
